 Dungeon Crawl Stone Soup version 0.29.1-1-gd02db6906a (webtiles) character file.

Game seed: 15318457182156782251

26 virigoth the Caller (level 2, -2/11 HPs)
             Began as a Felid Summoner on Sept 20, 2022.
             Slain by an adder (3 damage)
             ... on level 2 of the Dungeon.
             The game lasted 00:07:01 (990 turns).

virigoth the Caller (Felid Summoner)                 Turns: 990, Time: 00:07:01

Health: -2/11      AC:  1    Str:  4    XL:     2   Next: 89%
Magic:  2/6        EV: 17    Int: 16    God:
Gold:   23         SH:  0    Dex: 16    Spells: 3/6 levels left
                                        Lives:  0   Deaths: 0

rFire   . . .      SeeInvis +   (weapon unavailable)
rCold   . . .      Faith    .   (shield unavailable)
rNeg    . . .      Spirit   .   (body armour unavailable)
rPois   .          Reflect  .   (helmet unavailable)
rElec   .          Harm     .   (cloak unavailable)
rCorr   +          Rampage  .   (gloves unavailable)
Will    .....                   (boots unavailable)
Stlth   ++........              (no amulet)
HPRegen 0.03/turn               c - ring of resist corrosion
MPRegen 0.10/turn               (no ring)

@: lethally poisoned (-2 -> -8), quick
A: very small, claws 1, fangs 3, see invisible, speed 1, shaggy fur 1, stealthy
paws, no weapons or thrown items, no armour, multi-lived
a: no special abilities


You were on level 2 of the Dungeon.
You visited 1 branch of the dungeon, and saw 2 of its levels.

You collected 23 gold pieces.

Inventory:

Jewellery
 b - a +6 ring of intelligence
 c - a ring of resist corrosion (left paw)
Scrolls
 e - a scroll of magic mapping {unknown}
 g - a scroll of teleportation {unknown}
 h - a scroll of poison {unknown}
Potions
 a - a potion of magic
 d - a potion of mutation {unknown}
 f - a potion of curing {unknown}


   Skills:
 - Level 2.6 Dodging
 - Level 2.6 Stealth
 + Level 2.6 Spellcasting
 + Level 4.5 Summonings


You had 3 spell levels left.
You knew the following spells:

 Your Spells              Type           Power      Damage    Failure   Level
a - Summon Small Mammal   Summ           64%        N/A       3%          1
b - Call Imp              Summ           16%        N/A       4%          2

Your spell library contained the following spells:

 Spells                   Type           Power      Damage    Failure   Level
 Call Canine Familiar     Summ           16%        N/A       9%          3
 Summon Guardian Golem    Hex/Summ       9%         N/A       22%         3
 Summon Lightning Spire   Summ/Air       9%         N/A       58%         4


Dungeon Overview and Level Annotations

Branches:
Dungeon (2/15)

Altars:


Innate Abilities, Weirdness & Mutations

You have sharp claws.
You have razor-sharp teeth.
You have supernaturally acute eyesight. (SInv)
You cover ground quickly. (Speed+)
You are covered in fur. (AC +1)
Your paws help you pounce on unaware monsters.
You are incapable of wielding weapons or throwing items.
You cannot wear armour.
You gain extra lives every three experience levels.


Message History

Your quokka disappears in a puff of smoke!
Magic restored.
Things that are here:
a +0 short sword; a kobold skeleton Done exploring.
Done exploring.
Done exploring.
Things that are here:
a +0 short sword; a kobold skeleton
Things that are here:
a +0 short sword; a kobold skeleton Search for what [? for help]? .
(D) Dungeon
Where to? (? - help)
There is a stone staircase leading down here.
You climb downwards.
Your summoned ally is left behind.
There is a stone staircase leading up here.
There are monsters nearby!
Casting: Summon Small Mammal (safe; 3% risk of failure)
Confirm with . or Enter, or press ? or * to list all spells.
A beastly little devil appears in a puff of flame.
The adder hisses angrily.
The adder barely misses you. The adder completely misses you.
The adder misses you.
Your crimson imp hits the adder.
The adder barely misses you. x2
Your crimson imp barely misses the adder.
Attack: -) Teeth and claws
Press: ? - help, Dir - move target, f - adder
Aim: an adder (heavily wounded, ally target, about 56% to evade your paws)
Okay, then.
You barely miss the adder. The adder bites you. x2
You are lethally poisoned!
The adder poisons you!
Your rat bites the adder.
Your crimson imp blinks!
You scratch the adder.
The adder is moderately wounded.
You feel sick. The adder completely misses you. The adder bites you.
* * * LOW HITPOINT WARNING * * *
The adder misses you. The adder bites you.
You die...

#.........#
#.........#
#.........#
.........#
##.........
#.........#
#.S.<.....#
#5r@......#
#.r.S.....#
#..........
##........#
##.....#..
####### .


You could see 2 adders, a friendly crimson imp (summoned) and 2 friendly rats.

Vanquished Creatures
  An endoplasm (D:1)
  A giant cockroach (D:1)
  A hobgoblin (D:1)
  A ball python (D:1)
  A bat (D:1)
  A rat (D:1)
6 creatures vanquished.

Vanquished Creatures (collateral kills)
  3 ball pythons (D:1)
  2 bats (D:1)
  4 endoplasms (D:1)
  2 goblins (D:1)
  A hobgoblin (D:1)
  2 kobolds (D:1)
  A quokka (D:1)
  2 frilled lizards (D:1)
17 creatures vanquished.

Grand Total: 23 creatures vanquished

Notes
Turn   | Place    | Note
-------+----------+-------------------------------------------
     0 | D:1      | virigoth the Felid Summoner began the quest for the Orb.
     0 | D:1      | Reached XP level 1. HP: 7/7 MP: 4/4
   192 | D:1      | Reached XP level 2. HP: 11/11 MP: 0/6
   253 | D:1      | Learned a level 2 spell: Call Imp
   990 | D:2      | Slain by an adder

Illustrated notes

Levels and vault maps discovered:
D:1:      dpeg_arrival_arbitrary_b, layout_basic, minmay_misc_feat_enclosed,
          corexii_leaking_fountain
D:2:      layout_rooms, minmay_misc_feat_room, wad_orctagon, uniq_natasha

Action                   || total
-------------------------++-------
Melee: Unarmed           ||    26
 Cast: Summon Small Mamm ||    24
       Call Imp          ||    11
  Use: Scroll            ||     1
Armor: Skin              ||     9
Dodge: Dodged            ||    65
